 Dungeon Crawl Stone Soup version 0.23.2-1-ga50397a6bc (webtiles) character file.

Game seed: 182351353520685523

7548 Menchi the Blocker (level 11, -2/87 HPs)
             Began as a Gnoll Fighter on May 15, 2019.
             Was an Initiate of Gozag.
             Slain by a guardian serpent (7 damage)
             ... on level 10 of the Dungeon on May 16, 2019.
             The game lasted 00:20:38 (9061 turns).

Menchi the Blocker (Gnoll Fighter)                  Turns: 9061, Time: 00:20:38

Health: -2/87      AC: 16    Str: 28    XL:     11   Next: 17%
Magic:  19/19      EV: 14    Int: 10    God:    Gozag
Gold:   1133       SH:  0    Dex: 17    Spells: 21/21 levels left

rFire    . . .     SeeInvis .   u - +3 spear
rCold    . . .     Gourm    .   (no shield)
rNeg     . . .     Faith    .   b - +0 scale mail
rPois    .         Spirit   .   e - +2 helmet
rElec    .         Reflect  .   D - +0 cloak
rCorr    .         Harm     .   n - +0 pair of gloves
MR       .....                  r - +0 pair of boots
Stlth    ++........             m - amulet of regeneration
HPRegen  0.64/turn              d - +5 ring of strength
MPRegen  0.16/turn              w - +3 ring of strength

@: very slightly contaminated, slowed, invisible, very slow
A: distributed training, fangs 1, strong nose
a: Potion Petition, Call Merchant, Bribe Branch, Renounce Religion


You were on level 10 of the Dungeon.
You worshipped Gozag.
Gozag was most pleased with you.
You were not hungry.

You visited 2 branches of the dungeon, and saw 11 of its levels.

You collected 1428 gold pieces.
You spent 188 gold pieces at shops.
You paid 107 gold pieces to Gozag.

Inventory:

Hand Weapons
 u - a +3 spear (weapon)
 y - a +4 great sword
Armour
 b - a +0 scale mail (worn)
 c - a +0 shield
 e - a +2 helmet (worn)
 n - a +0 pair of gloves (worn)
 r - a +0 pair of boots (worn)
 D - a +0 cloak (worn)
Jewellery
 d - a +5 ring of strength (left hand)
 m - an amulet of regeneration (around neck)
 w - a +3 ring of strength (right hand)
Wands
 a - a wand of disintegration (16)
 k - a wand of random effects (18)
 s - a wand of polymorph (10)
 v - a wand of digging (6)
 A - a wand of scattershot (4)
 G - a wand of flame (16)
Scrolls
 h - 3 scrolls of identify
 i - 7 scrolls of teleportation
 j - 2 scrolls of remove curse
 q - 2 scrolls of blinking
 B - 3 scrolls of magic mapping
 E - a scroll of enchant weapon {unknown}
Potions
 g - 3 potions of resistance
 l - 3 potions of haste
 o - a potion of flight
 p - a potion of might
 t - a potion of curing
 x - a potion of cancellation
 z - 2 potions of brilliance
 C - a potion of mutation
 H - 2 potions of ambrosia
Comestibles
 f - 17 rations


   Skills:
 + Level 8.9 Fighting
 + Level 5.9 Short Blades
 + Level 5.9 Long Blades
 + Level 5.9 Axes
 + Level 5.9 Maces & Flails
 + Level 7.6 Polearms
 + Level 5.9 Staves
 + Level 5.9 Slings
 + Level 5.9 Bows
 + Level 5.9 Crossbows
 + Level 5.9 Throwing
 + Level 8.9 Armour
 + Level 5.9 Dodging
 + Level 5.9 Stealth
 + Level 8.9 Shields
 + Level 5.9 Unarmed Combat
 + Level 5.9 Spellcasting
 + Level 4.9 Conjurations
 + Level 4.9 Hexes
 + Level 4.9 Charms
 + Level 4.9 Summonings
 + Level 4.9 Necromancy
 + Level 4.9 Translocations
 + Level 4.9 Transmutations
 + Level 4.9 Fire Magic
 + Level 4.9 Ice Magic
 + Level 4.9 Air Magic
 + Level 4.9 Earth Magic
 + Level 4.9 Poison Magic
 + Level 6.5 Invocations
 + Level 5.9 Evocations


You had 21 spell levels left.
You didn't know any spells.
Your spell library contained the following spells:

 Spells                   Type           Power        Failure   Level  Hunger
 Shock                    Conj/Air       ##..         5%          1    None
 Poisonous Vapours        Pois/Air       ##....       8%          2    ##.....
 Swiftness                Chrm/Air       ##......     8%          2    ##.....
 Conjure Flame            Conj/Fire      ##......     16%         3    ###....
 Mephitic Cloud           Conj/Pois/Air  ##......     16%         3    ###....
 Static Discharge         Conj/Air       ##......     16%         3    ###....
 Airstrike                Air            ##........   45%         4    ####...
 Lightning Bolt           Conj/Air       ##........   82%         5    ######.
 Freezing Cloud           Conj/Ice/Air   ##........   100%        6    #######
 Ring of Flames           Chrm/Fire      ##........   100%        7    #######


Dungeon Overview and Level Annotations

Branches:
Dungeon (10/15)            Temple (1/1) D:6            Lair (0/6) D:10
    Orc: D:9-12

Altars:
Ashenzari
Cheibriados
Dithmenos
Elyvilon
Fedhas
Gozag
Hepliaklqana
Kikubaaqudgha
Makhleb
Nemelex Xobeh
Okawaru
Qazlal
Ru
Sif Muna
Trog
Uskayaw
Vehumet
Wu Jian
Xom
Yredelemnul
Zin
The Shining One

Shops:
D:4 =


Innate Abilities, Weirdness & Mutations

Your experience applies equally to all skills.
You have very sharp teeth.
Your uncanny sense of smell can sniff out nearby items.


Message History

The bolt of poison hits you!
You are more poisoned.
* * * LOW HITPOINT WARNING * * *
The guardian serpent barely misses you.
You feel better. The guardian serpent hits you!
* * * LOW HITPOINT WARNING * * *
The guardian serpent closely misses you.
You fade into invisibility!
The guardian serpent hits you but does no damage.
The guardian serpent casts a spell at you.
You feel as though you will be slow longer.
The guardian serpent misses you.
You are very lightly contaminated with residual magic.
The guardian serpent hits you but does no damage.
There is a stone staircase leading down here.
The guardian serpent coils itself and waves its upper body at you.
You resist with some effort. The guardian serpent hits you!
You die...
Your body crumbles into a pile of gold.

.##..# ....# .. #...# ....
$∆#...# .... ∆∆#...#### ....
.#+##...#..# ....
.........S@# .....
#.#....>.#######
......##(.......(...l.##
.......#.##.....#####..###
......##.#......####.....##
......##.#......##.........#
.........#...##.#......PPPPP#
.........<...###.....PPPPPPP#
......##......#.....PPP.lPPP#


You could see a guardian serpent.

Vanquished Creatures
  2 trolls (D:9)
  2 hornets (D:10)
  3 hippogriffs
  Sigmund (D:2)
  13 yaks
  A wyvern (D:5)
  2 hungry ghosts (D:9)
  Edmund (D:6)
  A water moccasin (D:8)
  Duvessa (D:5)
  An orc warrior (D:9)
  An ice beast (D:7)
  3 sky beasts
  A black bear (D:6)
  An ogre (D:7)
  3 phantoms
  5 centaurs
  2 big kobolds
  4 bullfrogs
  A water moccasin zombie (D:6)
  Dowan (D:5)
  5 wights (D:9)
  A howler monkey (D:7)
  2 crimson imps
  A centaur zombie (D:5)
  A bullfrog zombie (D:2)
  4 hounds
  6 orc priests
  2 gnoll shamans
  4 bullfrog skeletons
  Jessica (D:2)
  Crazy Yiuf (D:7)
  2 iguanas
  8 orc wizards
  7 worker ants
  A mummy (D:6)
  2 worker ant zombies
  A howler monkey skeleton (D:10)
  15 gnolls
  11 adders
  2 shadow imps
  An adder zombie (D:6)
  2 adder skeletons
  2 worms
  2 dart slugs
  9 leopard geckos
  25 orcs
  6 bats
  2 giant cockroaches
  4 goblins
  4 hobgoblins
  6 jackals
  11 kobolds
  6 quokkas
  2 ball pythons (D:5)
  16 frilled lizards
  A jackal skeleton (D:9)
  6 rats
  A spectral orc (D:2)
233 creatures vanquished.

Vanquished Creatures (others)
  2 wights (D:9)
  An orc wizard (D:9)
  An orc (D:9)
  2 plants (D:10)
6 creatures vanquished.

Grand Total: 239 creatures vanquished

Notes
Turn   | Place    | Note
-------+----------+-------------------------------------------
     0 | D:1      | Menchi the Gnoll Fighter began the quest for the Orb.
     0 | D:1      | Reached XP level 1. HP: 23/23 MP: 1/1
   382 | D:1      | Reached XP level 2. HP: 27/29 MP: 2/2
   961 | D:2      | Reached XP level 3. HP: 15/35 MP: 3/3
  1381 | D:2      | Reached skill level 1 in Short Blades
  1381 | D:2      | Reached skill level 1 in Long Blades
  1381 | D:2      | Reached skill level 1 in Axes
  1381 | D:2      | Reached skill level 1 in Maces & Flails
  1381 | D:2      | Reached skill level 1 in Staves
  1381 | D:2      | Reached skill level 1 in Slings
  1381 | D:2      | Reached skill level 1 in Bows
  1381 | D:2      | Reached skill level 1 in Crossbows
  1381 | D:2      | Reached skill level 1 in Throwing
  1381 | D:2      | Reached skill level 1 in Dodging
  1381 | D:2      | Reached skill level 1 in Stealth
  1381 | D:2      | Reached skill level 1 in Unarmed Combat
  1381 | D:2      | Reached skill level 1 in Spellcasting
  1381 | D:2      | Reached skill level 1 in Invocations
  1381 | D:2      | Reached skill level 1 in Evocations
  1381 | D:2      | Reached XP level 4. HP: 39/41 MP: 5/5
  1406 | D:2      | Reached skill level 1 in Conjurations
  1406 | D:2      | Reached skill level 1 in Hexes
  1406 | D:2      | Reached skill level 1 in Charms
  1406 | D:2      | Reached skill level 1 in Summonings
  1406 | D:2      | Reached skill level 1 in Necromancy
  1406 | D:2      | Reached skill level 1 in Translocations
  1406 | D:2      | Reached skill level 1 in Transmutations
  1406 | D:2      | Reached skill level 1 in Fire Magic
  1406 | D:2      | Reached skill level 1 in Ice Magic
  1406 | D:2      | Reached skill level 1 in Air Magic
  1406 | D:2      | Reached skill level 1 in Earth Magic
  1406 | D:2      | Reached skill level 1 in Poison Magic
  1412 | D:2      | Reached XP level 5. HP: 6/47 MP: 5/7
  1747 | D:2      | Found a shattered altar of Ashenzari.
  1884 | D:2      | Noticed Sigmund
  1904 | D:2      | Killed Sigmund
  1904 | D:2      | Reached skill level 5 in Polearms
  1904 | D:2      | Reached XP level 6. HP: 5/53 MP: 7/9
  2267 | D:2      | Noticed Jessica
  2272 | D:2      | Killed Jessica
  2462 | D:2      | Found a basalt altar of Yredelemnul.
  2565 | D:2      | Found a sacrificial altar of Ru.
  2694 | D:3      | Reached XP level 7. HP: 59/59 MP: 10/10
  3110 | D:3      | Found a glowing silver altar of Zin.
  3467 | D:4      | Found a sparkling altar of Nemelex Xobeh.
  3550 | D:4      | Found Hirghanu's Jewellery Shop.
  3735 | D:4      | Bought a +3 ring of strength for 188 gold pieces
  4080 | D:5      | Entered Level 5 of the Dungeon
  4246 | D:5      | Found a hazy altar of Hepliaklqana.
  4261 | D:5      | Noticed a wyvern
  4275 | D:5      | Killed a wyvern
  4275 | D:5      | Reached XP level 8. HP: 60/67 MP: 10/12
  4332 | D:5      | Found a burning altar of Makhleb.
  4389 | D:5      | Noticed Duvessa
  4392 | D:5      | Noticed Dowan
  4418 | D:5      | Killed Duvessa
  4426 | D:5      | Killed Dowan
  4952 | D:6      | Found an ornate altar of the Wu Jian Council.
  5154 | D:6      | Found a snail-covered altar of Cheibriados.
  5350 | D:6      | Noticed Edmund
  5366 | D:6      | Killed Edmund
  5366 | D:6      | Reached XP level 9. HP: 36/72 MP: 14/14
  5447 | D:6      | Found a staircase to the Ecumenical Temple.
  5577 | Temple   | Entered the Ecumenical Temple
  5725 | Temple   | Became a worshipper of Gozag Ym Sagoz the Greedy
  6143 | D:7      | Found a runed translucent door.
  6144 | D:7      | Noticed Crazy Yiuf
  6185 | D:7      | Found a shadowy altar of Dithmenos.
  6525 | D:7      | Killed Crazy Yiuf
  6762 | D:8      | Found a white marble altar of Elyvilon.
  6785 | D:8      | Reached skill level 5 in Invocations
  7317 | D:9      | Reached XP level 10. HP: 78/80 MP: 17/17
  7438 | D:9      | Found a radiant altar of Vehumet.
  7462 | D:9      | Reached skill level 5 in Short Blades
  7462 | D:9      | Reached skill level 5 in Long Blades
  7462 | D:9      | Reached skill level 5 in Axes
  7462 | D:9      | Reached skill level 5 in Maces & Flails
  7462 | D:9      | Reached skill level 5 in Staves
  7462 | D:9      | Reached skill level 5 in Slings
  7462 | D:9      | Reached skill level 5 in Bows
  7462 | D:9      | Reached skill level 5 in Crossbows
  7462 | D:9      | Reached skill level 5 in Throwing
  7462 | D:9      | Reached skill level 5 in Dodging
  7462 | D:9      | Reached skill level 5 in Stealth
  7462 | D:9      | Reached skill level 5 in Unarmed Combat
  7462 | D:9      | Reached skill level 5 in Spellcasting
  7462 | D:9      | Reached skill level 5 in Evocations
  8567 | D:10     | Entered Level 10 of the Dungeon
  8785 | D:10     | Paralysed by a hornet for 2 turns
  8798 | D:10     | Reached XP level 11. HP: 45/87 MP: 19/19
  9034 | D:10     | Found a staircase to the Lair.
  9057 | D:10     | HP: 1/87 [guardian serpent (15)]
  9061 | D:10     | Slain by a guardian serpent

Skill      XL: |  1  2  3  4  5  6  7  8  9 10 |
---------------+-------------------------------+-----
Short Blades   | 1 2 3 4 5 |  5.9
Long Blades    | 1 2 3 4 5 |  5.9
Axes           | 1 2 3 4 5 |  5.9
Maces & Flails | 1 2 3 4 5 |  5.9
Staves         | 1 2 3 4 5 |  5.9
Slings         | 1 2 3 4 5 |  5.9
Bows           | 1 2 3 4 5 |  5.9
Crossbows      | 1 2 3 4 5 |  5.9
Throwing       | 1 2 3 4 5 |  5.9
Dodging        | 1 2 3 4 5 |  5.9
Stealth        | 1 2 3 4 5 |  5.9
Unarmed Combat | 1 2 3 4 5 |  5.9
Spellcasting   | 1 2 3 4 5 |  5.9
Invocations    | 1 2 3 4 5 6 |  6.5
Evocations     | 1 2 3 4 5 |  5.9
Conjurations   | 1 2 3 4 |  4.9
Hexes          | 1 2 3 4 |  4.9
Charms         | 1 2 3 4 |  4.9
Summonings     | 1 2 3 4 |  4.9
Necromancy     | 1 2 3 4 |  4.9
Translocations | 1 2 3 4 |  4.9
Transmutations | 1 2 3 4 |  4.9
Fire Magic     | 1 2 3 4 |  4.9
Ice Magic      | 1 2 3 4 |  4.9
Air Magic      | 1 2 3 4 |  4.9
Earth Magic    | 1 2 3 4 |  4.9
Poison Magic   | 1 2 3 4 |  4.9
Polearms       | 5 6 7 |  7.6
Fighting       | 7 8 |  8.9
Armour         | 7 8 |  8.9
Shields        | 7 8 |  8.9

Action                   |  1- 3 |  4- 6 |  7- 9 | 10-12 || total
-------------------------+-------+-------+-------+-------++-------
Melee: Trident           |    87 |   104 |   545 |    95 ||   831
       Bite              |     7 |    10 |    91 |    60 ||   168
       Punch             |       |       |     6 |     8 ||    14
       Spear             |       |       |       |   217 ||   217
Evoke: Wand              |       |       |     1 |       ||     1
  Use: Potion            |       |     3 |       |     6 ||     9
       Scroll            |       |     5 |     5 |     9 ||    19
 Stab: Sleeping          |       |       |     4 |     1 ||     5
       Distracted        |       |       |     1 |     2 ||     3
  Eat: Chunk             |       |     6 |     8 |       ||    14
       Ration            |       |       |     3 |     4 ||     7
Armor: Scale mail        |    34 |    20 |   254 |   124 ||   432
Dodge: Dodged            |    27 |    32 |   301 |   143 ||   503
